 Dungeon Crawl Stone Soup version 0.30-a0-571-gdf30a72648 (webtiles) character file.

Game seed: 8823792780501884437

23562 jfcaron the Destroyer (level 13, -17/110 HPs)
             Began as a Meteoran Earth Elementalist on Dec 29, 2022.
             Was a High Priest of Vehumet.
             Killed from afar by Lodul (21 damage)
             ... with a bolt of lightning
             ... on level 13 of the Dungeon on Dec 30, 2022.
             The game lasted 01:11:58 (5533 turns).

jfcaron the Destroyer (Meteoran Earth Elementalist) Turns: 5533, Time: 01:11:59

Health: -17/110    AC: 20    Str: 13    XL:     13   Next: 70%
Magic:  11/27      EV: 14    Int: 29    God:    Vehumet [*****.]
Gold:   2196       SH:  4    Dex: 18    Spells: 9/30 levels left

rFire   . . .      SeeInvis .    E - +3 hand axe of Midnight {drain, rN+ Dex+3}
rCold   . . .      Faith    .    (no shield)
rNeg    + . .      Spirit   .    p - quicksilver dragon scales
rPois   .          Reflect  .    l - +2 helmet of Good Intentions {Str+4}
rElec   .          Harm     .    d - +2 cloak
rCorr   .          Rampage  .    c - +1 pair of gloves
Will    ++...                    (no boots)
Stlth   +                        s - amulet of the acrobat
HPRegen 0.38/turn                i - ring of wizardry
MPRegen 0.20/turn                Z - +6 ring of intelligence

@: about to teleport, glowing
A: sense surroundings 2, otherworldly, glowing, explore regen, large bone plates
1
a: Renounce Religion


You were on level 13 of the Dungeon.
You worshipped Vehumet.
Vehumet was extremely pleased with you.
You visited 2 branches of the dungeon, and saw 14 of its levels.
You also visited: Ossuary and Bailey.

You collected 2961 gold pieces.
You spent 765 gold pieces at shops.

Inventory:

Hand Weapons
 E - the +3 hand axe of Midnight (weapon) {drain, rN+ Dex+3}
   (You found it on level 5 of the Dungeon)

   A truly terrible weapon, it drains the life of any living foe it strikes.
   Dex:       It affects your dexterity (+3).
   rN:        It protects you from negative energy.
 J - a +2 rapier of holy wrath
   (You found it on level 6 of the Dungeon)
 R - a +2 dagger of venom
   (You took it off an orc on level 9 of the Dungeon)
Missiles
 w - 3 throwing nets {!f}
 M - 26 poisoned darts
 Y - 4 curare-tipped darts {!f}
Armour
 c - a +1 pair of gloves (worn)
 d - a +2 cloak (worn)
 l - the +2 helmet of Good Intentions (worn) {Str+4}
   (You took it off Robin on level 2 of the Dungeon)

   Str:       It affects your strength (+4).
 p - quicksilver dragon scales (worn)
 t - a +0 ring mail of fire resistance
   (You took it off an orc on level 10 of the Dungeon)
Magical Staves
 H - a staff of cold
   (You found it on level 5 of the Dungeon)
Jewellery
 i - a ring of wizardry (left hand)
   (You found it on level 10 of the Dungeon)
 j - a ring of poison resistance
 s - an amulet of the acrobat (around neck)
   (You bought it in a shop on level 13 of the Dungeon)
 y - a ring of see invisible
 F - a ring of resist corrosion
 V - a ring of ice
   (You took it off Fannar on level 10 of the Dungeon)
 Z - a +6 ring of intelligence (right hand)
   (You found it on level 9 of the Dungeon)
Wands
 q - a wand of polymorph (20)
   (You took it off Grinder on level 3 of the Dungeon)
 K - a wand of iceblast (6)
 N - a wand of charming (2)
 X - a wand of flame (14)
Scrolls
 f - 2 scrolls of fear
 k - a scroll of summoning {unknown}
 u - 5 scrolls of enchant armour
 A - 6 scrolls of teleportation
 C - a scroll of blinking
 D - a scroll of noise
 I - 3 scrolls of fog
 L - a scroll of amnesia
 O - 2 scrolls of immolation
 P - 2 scrolls of magic mapping
 Q - a scroll of poison {unknown}
 S - 2 scrolls of vulnerability
 W - 3 scrolls of enchant weapon {unknown}
Potions
 a - 2 potions of haste
 b - 2 potions of magic
 e - 4 potions of flight
 g - 2 potions of resistance
 h - 6 potions of curing
 m - a potion of cancellation
 n - 2 potions of attraction
 o - a potion of ambrosia
 r - a potion of berserk rage
 v - 4 potions of invisibility
 x - 2 potions of lignification
 z - 2 potions of brilliance
 B - a potion of might {unknown}
 G - a potion of heal wounds {unknown}
 T - 2 potions of mutation
Miscellaneous
 U - a condenser vane
   (You found it in a bailey)


   Skills:
 + Level 8.8 Fighting
 - Level 7.0 Armour
 - Level 7.0 Dodging
 - Level 2.0 Stealth
 + Level 9.1 Spellcasting
 - Level 13.0 Conjurations
 - Level 2.0 Transmutations
 - Level 10.0 Fire Magic
 - Level 11.2 Earth Magic
 - Level 5.0 Evocations


You had 9 spell levels left.
You knew the following spells:

 Your Spells              Type           Power      Damage    Failure   Level
a - Sandblast             Erth           100%       2d20      1%          1
b - Passwall              Tmut/Erth      42%        N/A       1%          2
c - Stone Arrow           Conj/Erth      100%       3d13      1%          3
d - Petrify               Tmut/Erth      51%        N/A       2%          4
e - Fireball              Conj/Fire      34%        3d14      1%          5
f - Starburst             Conj/Fire      34%        6d10      1%          6

Your spell library contained the following spells:

 Spells                   Type           Power      Damage    Failure   Level
 Airstrike                Air            6%         2d(1-17)  9%          4
 Foxfire                  Conj/Fire      100%       2x1d9     1%          1
 Freeze                   Ice            52%        1d6       1%          1
 Magic Dart               Conj           100%       1d8       1%          1
 Hailstorm                Conj/Ice       50%        3d11      1%          3
 Ignite Poison            Fire/Tmut/Pois 36%        N/A       1%          3
 Mephitic Cloud           Conj/Pois/Air  38%        N/A       1%          3
 Sticky Flame             Conj/Fire      68%        2d8       1%          4
 Necrotise                Necr           52%        1d6       3%          1
 Slow                     Hex            52%        N/A       3%          1
 Frozen Ramparts          Ice            26%        1d4       3%          3
 Call Imp                 Summ           13%        N/A       4%          2
 Cigotuvi's Dreadful Rot  Necr/Pois/Air  26%        N/A       4%          2
 Olgreb's Toxic Radiance  Pois           13%        N/A       9%          4
 Confusing Touch          Hex            13%        N/A       10%         3
 Vampiric Draining        Necr           13%        2d6       10%         3
 Dispel Undead            Necr           13%        3d9       30%         4
 Ignition                 Fire           31%        3d10      58%         8
 Agony                    Necr           13%        N/A       61%         5
 Death Channel            Necr           6%         N/A       99%         6
 Ozocubu's Refrigeration  Ice            6%         4d8       99%         7


Dungeon Overview and Level Annotations

Branches:
Dungeon (13/15) Zot: 2450  Temple (1/1) D:7 Zot: 561    Lair (0/5) D:9
    Orc (0/2) D:9          Vaults (0/5) D:13        Ossuary (visited)
 Bailey (visited)

Altars:
Ashenzari
Elyvilon
Fedhas
Gozag
Hepliaklqana
Kikubaaqudgha
Okawaru
Uskayaw
Vehumet
Wu Jian
Xom
Zin

Shops:
D:6 (   D:13 =

Portals:
Trove: D:12 (give +4 fire dragon scales)

Annotations:
D:12 3 runed translucent doors, Adrian566's ghost, journeyman TrFi
D:13 Lodul


Innate Abilities, Weirdness & Mutations

You passively map the area around you.
You are easily found by Zot.
You glow in the dark.
You regain HP and MP as you explore.
You are partially covered in large bone plates. (SH +4)


Message History

Electricity crackles from Lodul's apparatus.
The bolt of lightning hits you!!
* * * LOW HITPOINT WARNING * * *
Your ogre barely misses Lodul.
As you read the scroll of teleportation, it crumbles to dust.
You feel strangely unstable.
Electricity crackles from Lodul's apparatus.
The bolt of lightning misses you.
Press: ? - help, v - describe, . - travel
Here: Lodul, wielding a +0 dire flail of draining (moderately wounded, ally target)
The floor.
Unknown command.
Okay, then.
Unknown command.
Unknown command.
Casting: Starburst (dangerous; 1% risk of failure)
Confirm with . or Enter, or press ? or * to list all spells.
Casting: Starburst (dangerous; 1% risk of failure)
Press: ? - help, Dir - look around, f - activate Really fire in your ogre's direction?
The bolt of fire hits the five-headed hydra!!
The five-headed hydra is heavily wounded.
The bolt of fire hits your ogre!!
You kill your ogre!
Vehumet accepts your kill.
You feel your power returning.
The bolt of fire hits Lodul!!
Lodul is severely wounded.
Electricity crackles from Lodul's apparatus.
The bolt of lightning hits you!!
* * * LOW HITPOINT WARNING * * *
Okay, then.
Unknown command.
Unknown command.
Unknown command.
It was a potion of mutation.
You feel extremely strange.
Large bone plates grow over parts of your arms.
Lodul shouts, "Intruder!"
Electricity crackles from Lodul's apparatus.
The bolt of lightning hits you!!
You die...

* #...........##....... , ,
#..<........##....... , *
#######.############# .####*
#####.# ..)...#### #....<#
####### ...))O)O.######'#######
#.....>
.#######..##..........#####......
#≈≈≈≈≈##.##..........'..##......
#≈#.#≈##.##O)..@..D..##..'......
,#§.∩..'...'[.........#####......
,#§#.#≈#####..........# #...>..
#≈≈≈≈≈# ############ #......
####### #...... #######


You could see a five-headed hydra and Lodul.

Vanquished Creatures
  Josephine (D:13)
  Fannar (D:10)
  2 boulder beetles (D:13)
  A tengu warrior (D:13)
  A swamp dragon (shapeshifter) (D:10)
  Pikel (D:4)
  2 deep elf pyromancers (D:13)
  3 ugly things
  3 gargoyles
  2 komodo dragons
  An unseen horror (D:11)
  3 kobold demonologists
  An efreet (D:13)
  4 trolls
  Grinder (D:3)
  11 slime creatures
  2 shadows
  7 wraiths
  22 yaks
  A basilisk (D:13)
  4 steam dragons
  4 acid dragons
  5 water moccasins
  A floating eye (D:13)
  13 orc warriors
  2 black bears
  9 ogres
  A sky beast (D:7)
  2 centaurs
  A phantom (D:6)
  A lemure (D:4)
  5 kobold brigands
  5 bullfrogs
  3 gnoll sergeants
  2 necrophages
  3 scorpions
  A wight (D:9)
  17 killer bees
  4 howler monkeys
  2 hounds
  10 orc priests
  3 jellies
  Crazy Yiuf (D:4)
  A gnoll bouda (D:9)
  Jessica (D:3)
  2 iguanas
  10 orc wizards
  3 mummies (Ossuary)
  Robin (D:2)
  26 gnolls
  9 adders
  A shadow imp (D:7)
  2 white imps
  4 ufetubi
  4 adder zombies (Ossuary)
  3 worms
  2 dart slugs
  73 orcs
  2 endoplasms (D:1)
  4 giant cockroaches
  17 goblins
  8 hobgoblins
  37 kobolds
  2 quokkas
  4 ball pythons
  6 bats
  3 frilled lizards
  2 goblin zombies (Ossuary)
  4 hobgoblin zombies (Ossuary)
  3 kobold zombies (Ossuary)
  3 quokka zombies
  7 rats
  4 rat zombies
417 creatures vanquished.

Notes
Turn   | Place    | Note
-------+----------+-------------------------------------------
     0 | D:1      | jfcaron the Meteoran Earth Elementalist began the quest for
                  | the Orb.
     0 | D:1      | Reached XP level 1. HP: 14/14 MP: 5/5
   165 | D:1      | Reached XP level 2. HP: 20/20 MP: 4/6
   168 | D:1      | Learned a level 2 spell: Passwall
   202 | D:1      | Reached XP level 3. HP: 26/26 MP: 5/8
   206 | D:1      | Learned a level 3 spell: Stone Arrow
   332 | D:2      | Reached skill level 1 in Conjurations
   336 | D:2      | Reached XP level 4. HP: 33/33 MP: 4/9
   643 | D:2      | Identified the +2 helmet of Good Intentions {Str+4}
   643 | D:2      | Noticed Robin
   650 | D:2      | Reached skill level 2 in Conjurations
   670 | D:2      | Killed Robin
   701 | D:2      | Reached XP level 5. HP: 38/38 MP: 3/10
   812 | D:3      | Identified a scroll of acquirement
   812 | D:3      | Acquired 1167 gold pieces
   832 | D:3      | Reached skill level 3 in Conjurations
   989 | D:3      | Noticed Jessica
   990 | D:3      | Killed Jessica
   991 | D:3      | Reached XP level 6. HP: 45/45 MP: 9/11
  1042 | D:3      | Reached skill level 4 in Conjurations
  1144 | D:3      | Noticed Grinder
  1181 | D:3      | Killed Grinder
  1182 | D:3      | Reached skill level 5 in Conjurations
  1182 | D:3      | Reached skill level 5 in Earth Magic
  1182 | D:3      | Reached XP level 7. HP: 50/50 MP: 5/12
  1211 | D:3      | Found a blossoming altar of Fedhas.
  1212 | D:3      | Found a glowing silver altar of Zin.
  1212 | D:3      | Found a broken altar of Ashenzari.
  1212 | D:3      | Found an ornate altar of the Wu Jian Council.
  1212 | D:3      | Noticed Sigmund
  1213 | D:3      | Sigmund changed into Sigmund the jelly
  1213 | D:3      | Noticed Sigmund
  1233 | D:3      | Killed Sigmund the jelly
  1237 | D:3      | Found a shimmering altar of Xom.
  1448 | D:4      | Found a runed translucent door.
  1449 | D:4      | Noticed Crazy Yiuf
  1455 | D:4      | Killed Crazy Yiuf
  1568 | D:4      | Noticed Pikel
  1634 | D:4      | Killed Pikel
  1635 | D:4      | Reached skill level 7 in Conjurations
  1635 | D:4      | Reached XP level 8. HP: 36/57 MP: 6/13
  1653 | D:4      | Learned a level 4 spell: Petrify
  1759 | D:5      | Entered Level 5 of the Dungeon
  1809 | D:5      | Reached skill level 5 in Armour
  1844 | D:5      | Reached skill level 1 in Fighting
  1860 | D:5      | Found a sand-covered staircase.
  1875 | Ossuary  | Entered an ossuary
  1912 | Ossuary  | Gained mutation: You passively map the area around you.
                  | [Meteoran growth]
  1912 | Ossuary  | Reached XP level 9. HP: 59/64 MP: 14/14
  2142 | D:5      | Identified the +3 hand axe of Midnight {drain, rN+ Dex+3}
  2328 | D:6      | Found a hazy altar of Hepliaklqana.
  2370 | D:6      | Found Iquqag's Weapon Shoppe.
  2443 | D:6      | Reached skill level 8 in Conjurations
  2506 | D:6      | Found a white marble altar of Elyvilon.
  2535 | D:6      | Found an ancient bone altar of Kikubaaqudgha.
  2693 | D:7      | Found a staircase to the Ecumenical Temple.
  2704 | Temple   | Entered the Ecumenical Temple
  2723 | Temple   | Became a worshipper of Vehumet
  2759 | D:7      | Reached XP level 10. HP: 79/79 MP: 12/15
  2813 | D:7      | Reached skill level 9 in Conjurations
  2814 | D:7      | Reached skill level 5 in Fighting
  3128 | D:8      | Reached skill level 10 in Conjurations
  3128 | D:8      | Reached skill level 10 in Earth Magic
  3141 | D:8      | Reached * piety under Vehumet
  3141 | D:8      | Offered knowledge of Shock by Vehumet.
  3142 | D:8      | Reached skill level 1 in Evocations
  3218 | D:8      | Reached XP level 11. HP: 84/88 MP: 10/18
  3256 | D:8      | Reached skill level 5 in Dodging
  3256 | D:8      | Reached skill level 5 in Spellcasting
  3455 | D:9      | Offered knowledge of Poisonous Vapours by Vehumet.
  3459 | D:9      | Reached ** piety under Vehumet
  3501 | D:9      | Found a staircase to the Orcish Mines.
  3538 | D:9      | Found a staircase to the Lair.
  3562 | D:9      | Found a flagged portal.
  3580 | D:9      | Offered knowledge of Momentum Strike by Vehumet.
  3588 | D:9      | Reached skill level 11 in Conjurations
  3604 | D:9      | Reached skill level 5 in Evocations
  3613 | Bailey   | Entered a bailey
  3622 | Bailey   | Noticed an orc warlord
  3652 | Bailey   | Reached *** piety under Vehumet
  3691 | Bailey   | Found a runed translucent gate.
  3692 | Bailey   | Found a runed translucent gate.
  3693 | Bailey   | Found a runed translucent gate.
  3809 | D:9      | Acquired 953 gold pieces
  3969 | D:9      | Found a hide-covered altar of Uskayaw.
  3972 | D:9      | Offered knowledge of Dazzling Flash by Vehumet.
  4080 | D:9      | Reached **** piety under Vehumet
  4122 | D:9      | Learned a level 5 spell: Fireball
  4125 | D:10     | Entered Level 10 of the Dungeon
  4193 | D:10     | Found an opulent altar of Gozag.
  4250 | D:10     | Offered knowledge of Lightning Bolt by Vehumet.
  4253 | D:10     | Reached skill level 1 in Fire Magic
  4306 | D:10     | Reached skill level 12 in Conjurations
  4350 | D:10     | Reached XP level 12. HP: 100/100 MP: 7/21
  4356 | D:10     | Noticed a swamp dragon
  4364 | D:10     | Killed a swamp dragon
  4473 | D:10     | Noticed Fannar
  4477 | D:10     | Killed Fannar
  4478 | D:10     | Reached ***** piety under Vehumet
  4479 | D:10     | Offered knowledge of Airstrike by Vehumet.
  4670 | D:11     | Reached skill level 5 in Fire Magic
  4878 | D:11     | Learned a level 6 spell: Starburst
  4930 | D:12     | Found a transporter.
  4948 | D:12     | Found a transporter.
  4951 | D:12     | Found a transporter.
  4951 | D:12     | Found a transporter.
  4953 | D:12     | Found a transporter.
  4953 | D:12     | Found a transporter.
  4973 | D:12     | Found a runed translucent gate.
  4973 | D:12     | Found a runed translucent gate.
  4973 | D:12     | Found a runed translucent gate.
  4982 | D:12     | Noticed Adrian566's ghost (journeyman TrFi)
  4985 | D:12     | Noticed an orc knight
  5028 | D:12     | Found a portal to a secret trove of treasure.
  5192 | D:12     | Noticed a soul eater
  5230 | D:13     | Reached XP level 13. HP: 105/105 MP: 17/24
  5254 | D:13     | Reached skill level 13 in Conjurations
  5257 | D:13     | Noticed a tengu warrior
  5273 | D:13     | Killed a tengu warrior
  5276 | D:13     | HP: 18/105 [something (27)]
  5361 | D:13     | Reached skill level 10 in Fire Magic
  5378 | D:13     | Noticed a boulder beetle
  5382 | D:13     | Noticed a boulder beetle
  5397 | D:13     | Killed a boulder beetle
  5409 | D:13     | Found a gate to the Vaults.
  5415 | D:13     | Killed a boulder beetle
  5425 | D:13     | Noticed a tengu warrior
  5429 | D:13     | a tengu warrior changed into a floating eye
  5439 | D:13     | Noticed Josephine
  5444 | D:13     | Killed Josephine
  5489 | D:13     | Found Doock's Jewellery Emporium.
  5494 | D:13     | Bought a ring of see invisible for 255 gold pieces
  5494 | D:13     | Bought an amulet of the acrobat for 510 gold pieces
  5511 | D:13     | Noticed Lodul
  5530 | D:13     | Noticed a five-headed hydra
  5530 | D:13     | HP: 22/110 [Lodul/bolt of lightning (28)]
  5532 | D:13     | HP: 3/110 [Lodul/bolt of lightning (19)]
  5533 | D:13     | Gained mutation: You are partially covered in large bone
                  | plates. (SH +4) [potion of mutation]
  5533 | D:13     | Killed from afar by Lodul

Illustrated notes

Levels and vault maps discovered:
D:1:      matt_arrival_grand_opening, layout_basic, minmay_misc_feat_room
D:2:      layout_basic, uniq_robin
D:3:      minmay_chambers_of_threes, layout_basic, grunt_temple_overflow_open,
          minmay_fractal_squares_gapless_5, uniq_sigmund, uniq_jessica,
          uniq_grinder
D:4:      layout_loops_ring, grunt_dithmenos_smoke_and_mirrors,
          uniq_crazy_yiuf_cottage, uniq_edmund, uniq_pikel
D:5:      layout_rooms, enter_ossuary_4
D:6:      layout_loops_ring, mainiacjoe_overflow_alcove_4,
          mainiacjoe_overflow_catch_the_wave, serial_shops,
          nicolae_shop_bloodbath_and_beyond
D:7:      layout_loops_ring, nemelex_xobeh_ov_fountains_minmay,
          minmay_temple_entry_glassed_door, wad_floor_pattern_untrapped,
          bh_walls_and_bars
D:8:      layout_basic, old_standard_altar, serial_shops, kennysheep_mini
D:9:      layout_loops_ring, nicolae_uskayaw_dance_studio, lair_entry_dummy,
          hiddenorc2_lemuel, enter_bailey_2, grunt_ministairs_2, st_stairs_11,
          chequers_decorated_corner, minmay_between
D:10:     layout_long_grid, nicolae_gozag_seed_capital, special_room
          [special_room_orc], serial_park_tiny_1, uniq_fannar
D:11:     layout_rooms
D:12:     layout_roguey, biasface_ghost_orc_armoury, enter_trove_3,
          serial_nicolae_subway, nicolae_sub_station_crystal,
          nicolae_sub_station_stone, nicolae_sub_station_metal
D:13:     layout_roguey, david_vaults_5, serial_shops, kennysheep_little_box,
          uniq_lodul, uniq_josephine
Temple:   hellmonk_temple_beads

Skill      XL: |  1  2  3  4  5  6  7  8  9 10 11 12 13 |
---------------+----------------------------------------+-----
Earth Magic    | 4 5 6 8 10 11 | 11.2
Conjurations   | 1 2 3 5 7 8 10 12 13 | 13.0
Spellcasting   | 3 4 5 7 9 |  9.1
Transmutations | 2 |  2.0
Dodging        | 3 4 5 7 |  7.0
Stealth        | 2 |  2.0
Armour         | 2 4 5 7 |  7.0
Fighting       | 1 4 5 7 8 |  8.8
Evocations     | 2 5 |  5.0
Fire Magic     | 1 7 10 | 10.0

Action                   |  1- 3 |  4- 6 |  7- 9 | 10-12 | 13-15 || total
-------------------------+-------+-------+-------+-------+-------++-------
Melee: Unarmed           |     2 |       |       |       |       ||     2
       Dagger            |       |    19 |   122 |       |    18 ||   159
       Punch             |       |       |     4 |       |     2 ||     6
       Hand axe          |       |       |    20 |    85 |    16 ||   121
       Spear             |       |       |     6 |       |       ||     6
Throw: Dart              |       |       |       |     3 |       ||     3
 Cast: Sandblast         |    18 |    70 |   132 |   275 |    22 ||   517
       Passwall          |       |     5 |    10 |    27 |     2 ||    44
       Stone Arrow       |       |     1 |     7 |    52 |    24 ||    84
       Fireball          |       |       |       |    20 |    11 ||    31
       Starburst         |       |       |       |     2 |     5 ||     7
       Petrify           |       |       |       |       |     2 ||     2
Evoke: Wand              |       |       |     2 |    10 |     3 ||    15
       Condenser vane    |       |       |       |     1 |       ||     1
  Use: Scroll            |       |     6 |    12 |     5 |     2 ||    25
       Potion            |       |     1 |       |       |     1 ||     2
 Stab: Petrified         |       |       |       |       |    16 ||    16
       Petrifying        |       |       |       |       |     1 ||     1
Armor: Robe              |     2 |    13 |       |       |       ||    15
       Quicksilver drago |       |     3 |   151 |   228 |    27 ||   409
Dodge: Dodged            |     5 |    33 |   104 |   203 |    37 ||   382

Table legend: (Time is in decaauts)
 A = Elapsed time spent in this place.
 B = Non-inter-level travel time spent in this place.
 C = Inter-level travel time spent in this place.
 D = Time resting spent in this place.
 E = Time spent auto-exploring this place.
 F = Levels seen in this place.
 G = Mean time per level.
                   A        B        C        D        E       F      G
               +--------+--------+--------+--------+--------+-----+--------+
         Total |   5811 |   5686 |    125 |     13 |      0 |  16 |  363.2 |
       Dungeon |   5348 |   5241 |    107 |     13 |      0 |  13 |  411.4 |
        Temple |     38 |     20 |     18 |      0 |      0 |   1 |   38.0 |
       Ossuary |    212 |    212 |      0 |      0 |      0 |   1 |  212.0 |
        Bailey |    211 |    211 |      0 |      0 |      0 |   1 |  211.0 |
               +--------+--------+--------+--------+--------+-----+--------+

Top non-repeatable levels by time:
     D:9: 546 daAuts
     D:3: 520 daAuts
     D:2: 511 daAuts
    D:10: 495 daAuts
     D:8: 453 daAuts
     D:4: 445 daAuts
     D:6: 380 daAuts
    D:12: 357 daAuts
     D:5: 357 daAuts
     D:7: 336 daAuts
     D:1: 324 daAuts
    D:13: 319 daAuts
    D:11: 299 daAuts
 Ossuary: 212 daAuts
  Bailey: 211 daAuts

Table legend:
 A = Kills in this place as a percentage of kills in entire the game.
 B = Kills by you in this place as a percentage of kills by you in the entire game.
 C = Kills by friends in this place as a percentage of kills by friends in the entire game.
 D = Other kills in this place as a percentage of other kills in the entire game.
 E = Experience gained in this place as a percentage of experience gained in the entire game.
 F = Experience gained in this place divided by the number of levels of this place that you have seen.
                   A       B       C       D       E      F
               +-------+-------+-------+-------+-------+----------------------
         Total | 100.0 | 100.0 | 100.0 | 100.0 | 100.0 | 2103.8
       Dungeon |  90.1 |  90.0 |  88.9 | 100.0 |  97.7 | 2528.5
       Ossuary |   5.1 |   5.2 |   0.0 |   0.0 |   0.3 |  91.0
        Bailey |   4.8 |   4.8 |  11.1 |   0.0 |   2.1 | 699.0
               +-------+-------+-------+-------+-------+----------------------
